AoeStats
← Malik Bhai

Arena

507940810Analyzed
4v4 RM · 12d ago on Sep 20, 2026· 48m 34s· 8 players
Game mode
Random Map
Map size
Large (8 player)
Population
200
Speed
Normal
Resources
Standard
Victory
Conquest
Starting age
Dark Age
Ending age
Imperial Age
RankedLock teamsTeams togetherTeam positionsShared explorationLock speedFull tech treeHidden civsTurbo modeCheats
Victory
Defeat
🇵🇰 Bohemians · Pakistan
1629
+8
🇵🇰 Persians · Pakistan
1575
+10
🇵🇰 Bohemians · Pakistan
1558
+10
🇵🇰 Persians · Pakistan
963
+30
🇨🇳 Cumans · China
1448
-16
🇮🇹 Slavs · Italy
1444
-15
🇯🇵 Teutons · Japan
1427
-15
🇫🇮 Dravidians · Finland
1353
-12
noob ban arabia
1:15 Loom
8:49 Feudal Age
9:27 Double-Bit Axe
10:38 Horse Collar
16:15 Wheelbarrow
16:21 Loom
20:54 Castle Age
19:53 Scale Barding Armor
19:58 Forging
20:05 Bloodlines
20:36 Gold Mining
22:31 Iron Casting
22:34 Gold Shaft Mining
22:14 Bow Saw
21:31 Capped Ram
24:25 Town Watch
26:43 Coinage
26:36 Chain Barding Armor
30:22 Stone Mining
30:56 Heavy Plow
35:30 Imperial Age
33:16 Hand Cart
34:14 Masonry
33:57 Fletching
34:08 Padded Archer Armor
35:49 Bodkin Arrow
35:33 Cavalier
36:50 Plate Barding Armor
36:49 Conscription
37:05 Guilds
37:17 Paladin
38:47 Scale Mail Armor
39:52 Blast Furnace
41:30 Pikeman
42:10 Squires
42:13 Scale Mail Armor
44:14 Halberdier
45:12 Chain Mail Armor
OS | _MidGard_
9:41 Feudal Age
14:04 Castle Age
13:08 Double-Bit Axe
14:56 Bow Saw
16:43 Horse Collar
21:23 Gold Mining
23:16 Gold Shaft Mining
24:19 Wheelbarrow
23:32 Loom
23:33 Town Watch
23:46 Stone Mining
26:26 Hand Cart
28:57 Imperial Age
26:47 Scale Mail Armor
27:27 Heavy Plow
28:02 Chain Mail Armor
27:58 Forging
27:10 Pikeman
28:24 Squires
29:20 Iron Casting
29:03 Halberdier
30:15 Plate Mail Armor
29:11 Capped Ram
30:54 Two-Man Saw
30:36 Crop Rotation
32:10 Blast Furnace
31:39 Conscription
31:01 Siege Ram
33:07 Druzhina
33:09 Padded Archer Armor
33:52 Detinets
34:29 Leather Archer Armor
34:16 Onager
35:07 Siege Engineers
36:03 Chemistry
36:05 Ring Archer Armor
35:47 Masonry
37:07 Ballistics
39:04 Murder Holes
39:55 Careening
43:45 Fletching
PeterWong1988
5:29 Loom
5:51 Loom
6:05 Loom
8:59 Feudal Age
9:37 Town Watch
10:44 Fletching
15:55 Horse Collar
23:50 Castle Age
25:42 Double-Bit Axe
26:51 Bow Saw
26:52 Pikeman
27:32 Squires
28:02 Heavy Plow
30:53 Bodkin Arrow
31:30 Padded Archer Armor
35:36 Elite Skirmisher
43:40 Imperial Age
44:55 Imperial Age
Sunday x Junior
6:54 Loom
11:02 Feudal Age
12:00 Double-Bit Axe
13:50 Horse Collar
17:02 Castle Age
17:58 Bow Saw
17:37 Light Cavalry
24:45 Fletching
25:21 Ballistics
25:53 Bodkin Arrow
27:17 Padded Archer Armor
31:40 Leather Archer Armor
31:30 Husbandry
32:55 Wheelbarrow
32:21 Heavy Plow
36:30 Imperial Age
37:23 Bracer
38:25 Chemistry
DDk
10:06 Feudal Age
14:15 Castle Age
16:09 Double-Bit Axe
16:25 Horse Collar
20:51 Wheelbarrow
20:06 Loom
22:39 Hand Cart
22:44 Bow Saw
22:53 Heavy Plow
23:10 Gold Mining
25:37 Gold Shaft Mining
29:36 Imperial Age
27:25 Forging
27:21 Scale Barding Armor
27:20 Stone Mining
28:09 Bloodlines
28:01 Husbandry
28:42 Iron Casting
28:24 Town Watch
29:09 Masonry
30:21 Chain Barding Armor
29:43 Cavalier
32:27 Blast Furnace
32:27 Savar
43:51 Plate Barding Armor
CO[M]BO
10:33 Feudal Age
14:32 Castle Age
13:17 Double-Bit Axe
15:36 Bow Saw
18:01 Fervor
22:55 Wheelbarrow
23:54 Hand Cart
23:25 Loom
23:42 Horse Collar
25:06 Heavy Plow
29:16 Imperial Age
28:23 Chemistry
28:11 Padded Archer Armor
28:01 Fletching
28:18 Elite Skirmisher
28:52 Town Watch
29:37 Ballistics
30:14 Leather Archer Armor
29:55 Bodkin Arrow
30:18 Leather Archer Armor
30:15 Masonry
30:37 Bracer
30:53 Leather Archer Armor
32:07 Conscription
33:35 Houfnice
35:01 Wagenburg Tactics
36:25 Siege Engineers
36:50 Architecture
36:01 Treadmill Crane
36:42 Bombard Tower
40:18 Ring Archer Armor
42:35 Coinage
42:16 Guilds
43:36 Banking
42:27 Elite Hussite Wagon
46:16 Pikeman
46:59 Squires
46:59 Scale Mail Armor
47:10 Forging
Irtaza Darinda
11:24 Feudal Age
12:23 Double-Bit Axe
15:09 Castle Age
12:56 Horse Collar
17:39 Bow Saw
22:23 Bloodlines
23:17 Husbandry
24:08 Scale Barding Armor
24:14 Forging
24:33 Loom
25:25 Chain Barding Armor
25:06 Padded Archer Armor
25:06 Scale Mail Armor
26:24 Wheelbarrow
27:57 Iron Casting
34:19 Imperial Age
32:23 Gold Mining
32:58 Hand Cart
35:10 Gold Shaft Mining
33:57 Heavy Camel Rider
33:57 Cavalier
35:18 Plate Barding Armor
35:43 Blast Furnace
36:27 Guilds
36:14 Savar
37:19 Conscription
38:52 Heavy Plow
40:19 Chemistry
46:36 Elite War Elephant
Malik Bhai
6:05 Loom
8:28 Feudal Age
10:45 Fletching
12:22 Double-Bit Axe
20:59 Castle Age
20:12 Horse Collar
24:16 Chemistry
24:18 Town Watch
25:15 Padded Archer Armor
28:11 Leather Archer Armor
35:24 Imperial Age
37:50 Ring Archer Armor
42:32 Bow Saw
43:19 Wheelbarrow
Connection lost

Rejoining the realm…

Still unreachable

The connection could not be restored.

Session expired

The server has moved on; the page needs a fresh start.